 Dungeon Crawl Stone Soup version 0.29.0-3-gbb0933ed62 (webtiles) character file.

Game seed: 16237297478163786658

25929 keekatzer the Frost Mage (level 12, -5/109 HPs)
             Began as a Troll Transmuter on Aug 26, 2022.
             Was an Elder of Elyvilon.
             Slain by an eight-headed hydra (12 damage)
             ... on level 3 of the Lair of Beasts.
             The game lasted 01:18:59 (9857 turns).

keekatzer the Frost Mage (Troll Transmuter)         Turns: 9857, Time: 01:19:00

Health: -5/109     AC:  8    Str: 29    XL:     12   Next: 93%
Magic:  9/17       EV: 13    Int:  9    God:    Elyvilon [****..]
Gold:   810        SH:  0    Dex: 20    Spells: 10/19 levels left

rFire   + . .      SeeInvis .     - Unarmed
rCold   + . .      Faith    .   (no shield)
rNeg    . . .      Spirit   .   h - +2 robe {rC+ rF+}
rPois   .          Reflect  .   I - +1 hat
rElec   .          Harm     .   o - +0 cloak
rCorr   .          Rampage  .   (gloves unavailable)
Will    .....                   (boots unavailable)
Stlth   ++........              (no amulet)
HPRegen 1.08/turn               O - +8 ring of strength
MPRegen 0.15/turn               B - +6 ring of dexterity

@: on blink cooldown
A: large, unfitting armour, claws 3, regeneration 1, shaggy fur 1, tough skin 1
a: Renounce Religion, Purification, Heal Other, Heal Self


You were on level 3 of the Lair of Beasts.
You worshipped Elyvilon.
Elyvilon was greatly pleased with you.
You visited 3 branches of the dungeon, and saw 13 of its levels.
You also visited: Ice Cave.

You collected 1470 gold pieces.
You spent 660 gold pieces at shops.

Inventory:

Hand Weapons
 y - a +2 executioner's axe of freezing
 A - a +0 arbalest of freezing
Missiles
 t - a throwing net
Armour
 h - a +2 robe of resistance (worn)
 n - a +2 robe
 o - a +0 cloak (worn)
 p - a +0 kite shield
 s - a +0 robe of resistance
 E - a scarf of repulsion
 I - a +1 hat (worn)
Jewellery
 a - a ring of willpower
 v - a ring of fire
 B - a +6 ring of dexterity (right claw)
 C - a ring of magical power
 O - a +8 ring of strength (left claw)
Wands
 w - a wand of light (4)
 J - a wand of flame (21)
 K - a wand of mindburst (8)
 M - a wand of paralysis (4)
 N - a wand of polymorph (7)
Scrolls
 c - a scroll of poison
 f - 2 scrolls of enchant armour
 g - 9 scrolls of teleportation
 j - 3 scrolls of fear {unknown}
 q - 4 scrolls of immolation
 u - 2 scrolls of torment
 H - a scroll of blinking
 L - 2 scrolls of amnesia
Potions
 b - 2 potions of lignification
 d - 4 potions of heal wounds
 e - 5 potions of curing
 i - 2 potions of cancellation
 l - 2 potions of resistance
 m - 3 potions of haste
 r - a potion of brilliance
 z - 3 potions of flight
 F - 4 potions of mutation
 G - 3 potions of might
 P - a potion of magic
Miscellaneous
 k - a tin of tremorstones (2/2)
 x - a condenser vane


   Skills:
 + Level 4.7 Fighting
 + Level 5.2 Dodging
 + Level 7.3 Unarmed Combat
 + Level 4.0 Spellcasting
 - Level 2.0 Translocations
 + Level 9.3 Transmutations
 + Level 9.3 Ice Magic
 - Level 5.0 Invocations
 + Level 3.0 Evocations


You had 10 spell levels left.
You knew the following spells:

 Your Spells              Type           Power      Damage    Failure   Level
a - Beastly Appendage     Tmut           36%        N/A       1%          1
b - Wereblood             Tmut           18%        N/A       1%          2
c - Ice Form              Ice/Tmut       18%        N/A       6%          4
d - Blink                 Tloc           10%        N/A       19%         2

Your spell library contained the following spells:

 Spells                   Type           Power      Damage    Failure   Level
 Spider Form              Tmut/Pois      10%        N/A       12%         3
 Ignite Poison            Fire/Tmut/Pois 7%         N/A       22%         3
 Hailstorm                Conj/Ice       10%        3d5       36%         4
 Conjure Flame            Conj/Fire      1%         6-21      63%         3
 Tukima's Dance           Hex            1%         N/A       63%         3
 Yara's Violent Unravell  Hex/Tmut       5%         3d4       73%         5
 Passage of Golubria      Tloc           5%         N/A       75%         4
 Corpse Rot               Necr/Pois/Air  1%         N/A       95%         4
 Dispel Undead            Necr           1%         3d6       95%         4
 Sticky Flame             Conj/Fire      1%         2d3       95%         4
 Manifold Assault         Tloc           5%         N/A       97%         5
 Simulacrum               Ice/Necr       5%         N/A       99%         6
 Fireball                 Conj/Fire      0%         3d3       100%        5
 Death Channel            Necr           0%         N/A       100%        6
 Starburst                Conj/Fire      0%         6d3       100%        6
 Storm Form               Tmut/Air       5%         N/A       100%        7
 Ignition                 Fire           0%         3d3       100%        8


Dungeon Overview and Level Annotations

Branches:
Dungeon (9/15)             Temple (1/1) D:5            Lair (3/5) D:8
 Shoals (0/4) Lair:2       Spider (0/4) Lair:2          Orc (0/2) D:9
  IceCv (visited)

Altars:
Ashenzari
Cheibriados
Dithmenos
Elyvilon
Fedhas
Gozag
Hepliaklqana
Kikubaaqudgha
Makhleb
Nemelex Xobeh
Okawaru
Qazlal
Ru
Sif Muna
Trog
Uskayaw
Vehumet
Wu Jian
Xom
Yredelemnul
Zin
The Shining One

Shops:
D:1 [   D:6 (   D:9 =

Annotations:
D:7 2 transporters
Lair:1 1 runed translucent door, wingedge's ghost, journeyman OpEE


Innate Abilities, Weirdness & Mutations

You are too large for most types of armour.
You have claws for hands.
Your natural rate of healing is unusually fast.
You are covered in fur. (AC +1)
You have tough skin. (AC +1)


Message History

Found 8 stones.
There is an open door here.
You now have 810 gold pieces (gained 15).
An eight-headed hydra comes into view.
The eight-headed hydra roars!
Press: ? - help, Dir - move target, f - eight-headed hydra Heal: an eight-headed hydra (chance to pacify: 43%)
The light of Elyvilon fails to reach the eight-headed hydra.
Press: ? - help, Dir - move target, f/p - eight-headed hydra Heal: an eight-headed hydra (chance to pacify: 43%)
The light of Elyvilon fails to reach the eight-headed hydra.
The eight-headed hydra bites you. The eight-headed hydra bites you! x5
The eight-headed hydra bites you.
The eight-headed hydra bites you but does no damage.
Unknown command.
Press: ? - help, Dir - move target, f/p - eight-headed hydra Heal: an eight-headed hydra (chance to pacify: 43%)
The light of Elyvilon almost touches upon the eight-headed hydra.
The eight-headed hydra closely misses you.
The eight-headed hydra bites you but does no damage.
The eight-headed hydra bites you! The eight-headed hydra bites you.
The eight-headed hydra bites you!
* * * LOW HITPOINT WARNING * * *
The eight-headed hydra closely misses you.
The eight-headed hydra bites you!
* * * LOW HITPOINT WARNING * * *
The eight-headed hydra barely misses you.
Okay, then.
Casting: Ice Form (dangerous; 6% risk of failure)
Confirm with . or Enter, or press ? or * to list all spells.
You blink.
The eight-headed hydra bites you!
* * * LOW HITPOINT WARNING * * *
The eight-headed hydra bites you but does no damage.
The eight-headed hydra bites you! Elyvilon protects you from harm!
The eight-headed hydra barely misses you.
The eight-headed hydra bites you.
* * * LOW HITPOINT WARNING * * *
The eight-headed hydra bites you!
You die...

....♣♣##.>.## ♣♣♣♣♣.♣♣♣♣♣ #....
♣....♣#.....#♣♣♣.........♣♣♣#....
♣.§...∩.....∩...............#....
♣..§.♣#.....#♣♣♣.........♣♣♣#....
....♣♣##>.>## ♣♣♣♣♣.♣♣♣♣♣ #....
#############################....
.................................
........#.##.....................
#.....######....@................
#.....# #..§D........#..##.#..
#.....## #.............#. ###..
.......# #.............# #...
......P# ##.#..#####...## #P..
###.P.## #....## ....# #...
......# #..### #...# ##..
....#.## ##..# #...# ##..
.......#####.## #..## #...


You could see an eight-headed hydra.

Vanquished Creatures
  3 hydras (Lair:3)
  A catoblepas (Lair:3)
  An elephant (D:8)
  An ice statue (IceCv)
  3 black mambas (Lair:3)
  10 cane toads
  5 komodo dragons
  2 rime drakes (Lair:3)
  An anaconda simulacrum (IceCv)
  2 polar bears (Lair:3)
  An ice devil (IceCv)
  Grinder (D:5)
  A hornet (D:9)
  9 blink frogs
  3 culicivoras (Lair:2)
  4 wyverns
  A dire elephant simulacrum (IceCv)
  A wraith (D:9)
  15 yaks
  4 basilisks
  Menkaure (D:6)
  A redback (Lair:2)
  A steam dragon (D:7)
  A harpy simulacrum (IceCv)
  4 death yak simulacra
  15 water moccasins
  2 hydra simulacra (IceCv)
  2 orc warriors
  A sky beast (D:6)
  2 ice beasts
  3 black bears
  11 wolves
  2 centaurs
  2 kobold brigands (D:9)
  11 bullfrogs
  3 necrophages
  A scorpion (D:4)
  6 two-headed ogre simulacra (IceCv)
  A cane toad simulacrum (IceCv)
  5 wights (D:6)
  8 killer bees
  4 elephant simulacra
  3 howler monkeys
  2 hounds
  A jelly (D:6)
  6 orc priests
  2 iguanas
  12 orc wizards
  7 troll simulacra (IceCv)
  4 hell rats (Lair:3)
  2 polar bear simulacra (IceCv)
  6 spriggan simulacra (IceCv)
  3 wolf simulacra (IceCv)
  4 naga simulacra (IceCv)
  8 adders
  12 gnolls
  3 shadow imps
  11 white imps
  4 ufetubi
  2 worms (D:4)
  6 dart slugs
  34 orcs
  11 endoplasms
  5 giant cockroaches
  8 goblins
  11 hobgoblins
  3 quokkas
  7 ball pythons
  6 bats
  4 frilled lizards
  4 kobolds
  5 rats
352 creatures vanquished.

Vanquished Creatures (others)
  A hydra (Lair:3)
  A black mamba (Lair:3)
  A rime drake (Lair:3)
  A blink frog (Lair:1)
  2 basilisks (Lair:3)
  A water moccasin (Lair:3)
  3 bullfrogs (Lair:3)
  9 fungi
  14 plants
33 creatures vanquished.

Grand Total: 385 creatures vanquished

Notes
Turn   | Place    | Note
-------+----------+-------------------------------------------
     0 | D:1      | keekatzer the Troll Transmuter began the quest for the Orb.
     0 | D:1      | Reached XP level 1. HP: 18/18 MP: 1/1
    53 | D:1      | Reached XP level 2. HP: 26/26 MP: 3/3
   168 | D:1      | Reached skill level 1 in Fighting
   244 | D:1      | Learned a level 2 spell: Wereblood
   317 | D:1      | Found Cavy's Antique Armour Shop.
   322 | D:1      | Reached XP level 3. HP: 33/33 MP: 2/4
  1544 | D:4      | Reached XP level 4. HP: 36/41 MP: 5/5
  1682 | D:4      | Found a bloodstained altar of Trog.
  1682 | D:4      | Found a sparkling altar of Nemelex Xobeh.
  1717 | D:4      | Noticed a black bear
  1724 | D:4      | Killed a black bear
  1725 | D:4      | Reached XP level 5. HP: 31/48 MP: 7/7
  1849 | D:4      | Reached XP level 6. HP: 57/57 MP: 8/8
  2056 | D:4      | Reached skill level 1 in Ice Magic
  2205 | D:4      | Reached XP level 7. HP: 65/65 MP: 9/9
  2322 | D:5      | Entered Level 5 of the Dungeon
  2460 | D:4      | Reached skill level 5 in Unarmed Combat
  2760 | D:5      | Reached XP level 8. HP: 60/74 MP: 11/11
  2803 | D:5      | Noticed Grinder
  2917 | D:5      | Killed Grinder
  2959 | D:5      | Found a staircase to the Ecumenical Temple.
  2964 | Temple   | Entered the Ecumenical Temple
  3026 | Temple   | Became a worshipper of Elyvilon the Healer
  3097 | D:6      | Found Vichia's Weapon Emporium.
  3511 | D:6      | Reached XP level 9. HP: 79/80 MP: 12/12
  3526 | D:6      | Learned a level 4 spell: Ice Form
  3533 | D:6      | Reached * piety under Elyvilon
  3590 | D:6      | Noticed Menkaure
  3598 | D:6      | Killed Menkaure
  4026 | D:7      | Found a transporter.
  4091 | D:7      | Found a transporter.
  4148 | D:7      | Reached skill level 5 in Ice Magic
  4193 | D:7      | Reached ** piety under Elyvilon
  4380 | D:7      | Reached skill level 5 in Transmutations
  4516 | D:7      | Found an iron altar of Okawaru.
  4790 | D:8      | Found a staircase to the Lair.
  4791 | D:8      | Noticed an elephant
  4994 | D:8      | Reached skill level 1 in Invocations
  5060 | D:8      | Reached *** piety under Elyvilon
  5167 | D:9      | Reached XP level 10. HP: 89/89 MP: 13/13
  5295 | D:9      | Found a staircase to the Orcish Mines.
  5346 | D:9      | Noticed a two-headed ogre
  5383 | D:9      | HP: 5/106 [two-headed ogre/+0 giant club (11)]
  5589 | D:9      | Found Mixugg's One-of-a-Kind Rings.
  5595 | D:9      | Bought a +8 ring of strength for 660 gold pieces
  5849 | D:8      | Killed an elephant
  5886 | Lair:1   | Entered Level 1 of the Lair of Beasts
  5917 | Lair:1   | Noticed a cane toad
  5926 | Lair:1   | Killed a cane toad
  5953 | Lair:1   | Found a frozen archway.
  5984 | Lair:1   | Noticed a six-headed hydra
  5990 | Lair:1   | Pacified a six-headed hydra
  5991 | Lair:1   | Reached skill level 5 in Invocations
  6021 | Lair:1   | Noticed a cane toad
  6027 | Lair:1   | Killed a cane toad
  6048 | Lair:1   | Found a runed translucent door.
  6051 | Lair:1   | Noticed wingedge's ghost (journeyman OpEE)
  6051 | Lair:1   | Noticed a spriggan rider
  6052 | Lair:1   | Identified the +2 spear of Beyond {antimagic, rF+ rCorr
                  | Dex+4}
  6135 | IceCv    | Entered an ice cave
  6171 | IceCv    | Reached XP level 11. HP: 96/96 MP: 11/14
  6430 | IceCv    | Noticed a reaper
  6602 | IceCv    | Reached **** piety under Elyvilon
  6955 | IceCv    | HP: 4/115 [reaper/+1 scythe of freezing (2)]
  7547 | Lair:1   | Noticed a seven-headed hydra
  7792 | Lair:1   | Pacified a seven-headed hydra
  7959 | Lair:1   | Learned a level 2 spell: Blink
  8255 | Lair:2   | Reached skill level 1 in Translocations
  8255 | Lair:2   | Reached skill level 1 in Evocations
  8433 | Lair:2   | Found a staircase to the Shoals.
  8486 | Lair:2   | Found a hole to the Spider Nest.
  8506 | Lair:2   | HP: 4/116 [culicivora (22)]
  8513 | Lair:2   | Reached XP level 12. HP: 26/105 MP: 1/15
  8807 | Lair:3   | Noticed a four-headed hydra
  8815 | Lair:3   | Killed a four-headed hydra
  9104 | Lair:3   | HP: 5/128 [cane toad (20)]
  9418 | Lair:3   | Noticed a four-headed hydra
  9426 | Lair:3   | Killed a four-headed hydra
  9438 | Lair:3   | Reached skill level 5 in Dodging
  9587 | Lair:3   | Noticed a five-headed hydra
  9601 | Lair:3   | Killed a five-headed hydra
  9607 | Lair:3   | Noticed a catoblepas
  9621 | Lair:3   | Killed a catoblepas
  9693 | Lair:3   | Noticed a seven-headed hydra
  9697 | Lair:3   | Pacified a seven-headed hydra
  9703 | Lair:3   | Killed a seven-headed hydra
  9851 | Lair:3   | Noticed an eight-headed hydra
  9857 | Lair:3   | Elyvilon protects you from harm!
  9857 | Lair:3   | Slain by an eight-headed hydra

Illustrated notes

Levels and vault maps discovered:
D:1:      spicycebolla_arrival_ecumenical, layout_rooms, serial_shops, shop,
          dk_noncrumbling_4
D:2:      layout_basic, guppyfry_early_lair_pool
D:3:      layout_basic, nicolae_titane
D:4:      minmay_polygon_palace, layout_loops_ring,
          nicolae_overflow_two_pavilions
D:5:      layout_cave_pools, minmay_temple_entry_statues_pillars, uniq_grinder
D:6:      layout_loops_ring, serial_shops, nicolae_shop_bloodbath_and_beyond,
          uniq_menkaure
D:7:      gammafunk_steamed_eel, layout_basic, okawaru_ov_weapons_minmay
D:8:      layout_cave_pools, david_lair_generic
D:9:      minmay_distorted_concentric_squares, layout_long_grid, orc_0_dummy,
          nicolae_wwwww, nicolae_shop_unique_rings, minmay_curled_crystal
Temple:   compressed_dpeg_triangle_lava_temple
Lair:1:   layout_hall_layers, portal_ice_cave_entry_ice_simulacra,
          ebering_ghost_funeral_grove, lemuel_fruit_fields
Lair:2:   layout_misc_corridors, shoals_dummy_entry,
          spider_nest_entry_funnel_web, grunt_megastairs_3
Lair:3:   nzn_winding_woodlands_stair_trap
          [nzn_winding_woodlands_5x15_sidewinder,
          nzn_winding_woodlands_5x15_longhouse,
          nzn_winding_woodlands_5x15_twine, nzn_winding_woodlands_15x15_killbox,
          nzn_winding_woodlands_5x15_pool, nzn_winding_woodlands_5x15_parted,
          nzn_winding_woodlands_5x15_default], layout_chaotic_city,
          beast_lair_carwin_4

Skill      XL: |  1  2  3  4  5  6  7  8  9 10 11 12 |
---------------+-------------------------------------+-----
Fighting       | 1 2 3 4 |  4.7
Dodging        | 2 3 4 5 |  5.2
Unarmed Combat | 4 5 6 7 |  7.3
Spellcasting   | 2 3 4 |  4.0
Transmutations | 2 3 4 5 7 8 9 |  9.3
Ice Magic      | 1 2 4 6 7 8 9 |  9.3
Invocations    | 2 5 |  5.0
Translocations | 1 2 |  2.0
Evocations     | 1 3 |  3.0

Action                   |  1- 3 |  4- 6 |  7- 9 | 10-12 || total
-------------------------+-------+-------+-------+-------++-------
Melee: Unarmed           |   103 |   147 |   321 |   545 ||  1116
       Headbutt          |     3 |     9 |    29 |     2 ||    43
       Kick              |     6 |    11 |    50 |     4 ||    71
       Punch             |     1 |     5 |    10 |     2 ||    18
 Cast: Beastly Appendage |    11 |    10 |    31 |     3 ||    55
       Wereblood         |     1 |     5 |    11 |    12 ||    29
       Ice Form          |       |       |     2 |    43 ||    45
       Blink             |       |       |       |     5 ||     5
Invok: Heal Other        |       |       |       |    12 ||    12
       Heal Self         |       |       |       |     5 ||     5
Evoke: Wand              |       |       |       |     2 ||     2
  Use: Scroll            |       |       |     7 |    14 ||    21
       Potion            |       |       |       |     3 ||     3
 Stab: Sleeping          |     1 |     1 |     1 |       ||     3
       Distracted        |       |       |       |     1 ||     1
       Petrified         |       |       |       |     1 ||     1
Armor: Robe              |    45 |    36 |    67 |    18 ||   166
       Skin              |       |       |     2 |   111 ||   113
Dodge: Dodged            |    47 |    50 |   150 |   339 ||   586
       Repelled          |       |       |     3 |       ||     3
